 Dungeon Crawl Stone Soup version 0.30-a0-591-g3c58d2bc28 (webtiles) character file.

Game seed: 3069558526293270549

107998 bmack86 the Severer (level 16, -7/147 HPs)
             Began as a Minotaur Fighter on Jan 4, 2023.
             Was a High Priest of Okawaru.
             Killed by the air
             ... invoked by a wind drake
             ... summoned by a white draconian stormcaller
              (23 damage)
             ... on level 3 of the Abyss on Jan 5, 2023.
             The game lasted 01:17:47 (24229 turns).

bmack86 the Severer (Minotaur Fighter)             Turns: 24229, Time: 01:17:48

Health: -7/147     AC: 34    Str: 31 (32) XL:     16   Next: 1%
Magic:  19/23      EV:  5    Int:  7      God:    Okawaru [*****.]
Gold:   831        SH: 20    Dex:  9 (11) Spells: 15/15 levels left

rFire   + . .      SeeInvis .    v - +6 broad axe (elec)
rCold   . . .      Faith    .    y - +2 tower shield
rNeg    + + .      Spirit   .    C - +6 crystal plate armour of Yrocwotu {rN++ Will+}
rPois   +          Reflect  .    (helmet restricted)
rElec   .          Harm     .    Y - +1 cloak {rPois}
rCorr   .          Rampage  .    (no gloves)
Will    ++...                    k - +1 pair of boots of Xushaqall {rF+}
Stlth   x                          - amulet of regeneration
HPRegen 1.24/turn                U - +6 ring of strength
MPRegen 0.18/turn                S - +4 ring of slaying

@: finesse-ful, studying Shields
A: horns 2, retaliatory headbutt, [deterioration 1]
a: Renounce Religion, Heroism, Finesse, Duel


You were on level 3 of the Abyss.
You worshipped Okawaru.
Okawaru was extremely pleased with you.
You visited 4 branches of the dungeon, and saw 22 of its levels.
You visited the Abyss 1 time.
You visited 1 bazaar.
You also visited: Bailey.

You collected 2138 gold pieces.
You spent 1307 gold pieces at shops.

Inventory:

Hand Weapons
 v - a +6 broad axe of electrocution (weapon)
 T - a +5 broad axe of flaming
Missiles
 a - a throwing net
 e - 13 javelins
 l - 3 silver javelins
 I - 21 boomerangs (quivered)
 W - 2 silver boomerangs
Armour
 k - the +1 pair of boots of Xushaqall (worn) {rF+}
   (You found it on level 4 of the Dungeon)

   rF:        It protects you from fire.
 y - a +2 tower shield (worn)
 C - the +6 crystal plate armour of Yrocwotu (worn) {rN++ Will+}
   (You acquired it on level 6 of the Dungeon)

   rN:        It greatly protects you from negative energy.
   Will:      It increases your willpower.
 Y - a +1 cloak of poison resistance (worn)
 Z - the +7 crystal plate armour "Nolitosu" {Str+5}
   (Okawaru gifted it to you on level 2 of the Lair of Beasts)

   Str:       It affects your strength (+5).
Jewellery
 c - the ring "Jiygaorchubu" {rPois rN+}
   (You found it on level 1 of the Orcish Mines)

   [ring of poison resistance]

   rPois:     It protects you from poison.
   rN:        It protects you from negative energy.
 x - an amulet of regeneration (around neck)
 z - a ring of resist corrosion
 B - a ring of poison resistance
 E - a ring of flight
 F - a ring of protection from fire
 G - a ring of protection from fire
 M - a +6 ring of intelligence
 N - an amulet of faith
 S - a +4 ring of slaying (right hand)
 U - a +6 ring of strength (left hand)
Wands
 t - a wand of paralysis (15)
 w - a wand of polymorph (17)
 A - a wand of acid (18)
 D - a wand of flame (41)
 H - a wand of roots (31)
Scrolls
 g - 17 scrolls of teleportation
 i - a scroll of brand weapon
 m - 3 scrolls of identify
 u - 3 scrolls of fog
 L - 4 scrolls of magic mapping
 O - 2 scrolls of fear
 P - 3 scrolls of blinking
 Q - a scroll of silence
Potions
 b - 7 potions of flight
 d - 2 potions of might
 f - 2 potions of berserk rage
 h - 3 potions of haste
 j - 8 potions of curing
 n - 4 potions of brilliance
 o - 2 potions of ambrosia
 p - a potion of resistance
 q - 9 potions of heal wounds
 r - 3 potions of invisibility
 R - 2 potions of magic


   Skills:
 + Level 14.3 Fighting
 + Level 19.3 Axes
 + Level 11.4 Throwing
 + Level 14.3 Armour
 * Level 17.2 Shields
 + Level 11.4 Invocations


You had 15 spell levels left.
You didn't know any spells.
Your spell library contained the following spells:

 Spells                   Type           Power      Damage    Failure   Level
 Magic Dart               Conj           0%         1d3       100%        1
 Slow                     Hex            0%         N/A       100%        1
 Cigotuvi's Dreadful Rot  Necr/Pois/Air  0%         N/A       100%        2
 Ensorcelled Hibernation  Hex/Ice        0%         N/A       100%        2
 Passwall                 Tmut/Erth      0%         N/A       100%        2
 Poisonous Vapours        Pois/Air       0%         N/A       100%        2
 Static Discharge         Conj/Air       0%         2-2/arc   100%        2
 Confusing Touch          Hex            0%         N/A       100%        3
 Gell's Gravitas          Tloc           0%         N/A       100%        3
 Inner Flame              Hex/Fire       0%         N/A       100%        3
 Lesser Beckoning         Tloc           0%         N/A       100%        3
 Mephitic Cloud           Conj/Pois/Air  0%         N/A       100%        3
 Swiftness                Air            0%         N/A       100%        3
 Teleport Other           Tloc           0%         N/A       100%        3
 Vampiric Draining        Necr           0%         2d6       100%        3
 Vhi's Electric Charge    Tloc/Air       0%         N/A       100%        3
 Cause Fear               Hex            0%         N/A       100%        4
 Leda's Liquefaction      Hex/Erth       0%         N/A       100%        4
 Arcjolt                  Conj/Air       0%         1d10      100%        5
 Borgnjor's Vile Clutch   Necr/Erth      0%         N/A       100%        5
 Fireball                 Conj/Fire      0%         3d3       100%        5
 Iskenderun's Battlesphe  Conj           0%         2d6       100%        5
 Lee's Rapid Deconstruct  Erth           0%         3d4*      100%        5
 Lightning Bolt           Conj/Air       0%         1d11      100%        5
 Conjure Ball Lightning   Conj/Air       0%         3x3d6     100%        6
 Statue Form              Tmut/Erth      0%         N/A       100%        6
 Orb of Destruction       Conj           0%         9d5       100%        7
 Discord                  Hex            0%         N/A       100%        8
 Call Imp                 Summ           Unusable   N/A       N/A         2
 Animate Dead             Necr           Unusable   N/A       N/A         4
 Death Channel            Necr           Unusable   N/A       N/A         6

Dungeon Overview and Level Annotations

Branches:
Dungeon (15/15)            Temple (1/1) D:4            Lair (5/5) D:11
  Swamp (0/4) Lair:2        Snake (0/4) Lair:3        Slime (0/5) Lair:5
    Orc (1/2) D:9          Vaults (0/5) D:14         Depths (0/4) D:15
 Bailey (visited)

Altars:
Ashenzari
Cheibriados
Dithmenos
Elyvilon
Fedhas
Gozag
Hepliaklqana
Kikubaaqudgha
Makhleb
Nemelex Xobeh
Okawaru
Qazlal
Ru
Sif Muna
Trog
Uskayaw
Vehumet
Wu Jian
Xom
Yredelemnul
Zin
The Shining One
Jiyva
Lugonu

Shops:
D:2 =   D:6 ?   D:7 *   D:10 (*[   D:14 !

Portals:
Abyss: Lair:5

Annotations:
D:12 2 runed translucent doors


Innate Abilities, Weirdness & Mutations

You have a pair of horns on your head.
You reflexively headbutt those who attack you in melee.
[Your body sometimes deteriorates upon taking damage.]


Message History

The wind drake exhales a fierce blast of wind!
You are blown backwards!
The raiju and the large abomination are blown away by the wind.
You block the wind drake's attack.
You hear a roar!
The wind drake exhales a fierce blast of wind!
You are blown backwards!
The raiju and the wind drake are blown away by the wind.
The wind drake flaps its wings at you. The air twists around and strikes you.
You block the large abomination's attack.
The wind drake exhales a fierce blast of wind!
You are blown backwards!
The wind drake is blown away by the wind.
The wind drake flaps its wings at you. The air twists around and strikes you.
The raiju bursts into living lightning!
The living lightning hits you!!
* * * LOW HITPOINT WARNING * * *
Your body deteriorates!
You feel clumsy.
The raiju blinks!
You slash the large abomination!
Lightning courses through the large abomination!
You headbutt the large abomination, but do no damage.
The large abomination is severely damaged.
The wind drake exhales a fierce blast of wind!
You are blown backwards!
The large abomination is blown away by the wind.
The wind drake flaps its wings at you. The air twists around and strikes you!
* * * LOW HITPOINT WARNING * * *
The wind drake flaps its wings at you. The air twists around and strikes you!
* * * LOW HITPOINT WARNING * * *
Your body deteriorates!
You feel weakened. The wind drake flaps its wings at you.
The air twists around and strikes you. The wind drake flaps its wings at you.
The air twists around and strikes you!!
You die...

###. #.#.. #
...... .......
......... .
...._...##### ##.
....##...##.####..
.............#..
........@§.......
# #.#.#..X....#..
#..#.k......... .
#X #...#..####.
#.#.q†.###.
#.X.hk## .#.#
#.k...#..##.#
#...#.## . .# #⌠#
###⌠ ....


You could see a white draconian stormcaller, 3 wind drakes, 2 large abominations
and a raiju.

Vanquished Creatures
  A profane servitor (Abyss:2)
  An Executioner (Abyss:3)
  A frost giant (D:15)
  Louise (D:14)
  The ghost of OTABOTABOTAB the Nimble, a journeyman GnTm of Cheibriados (D:12)
  Josephine (Lair:3)
  Harold (Lair:2)
  4 centaur warriors
  An ogre mage (D:12)
  15 hydras
  4 boulder beetles
  A spriggan skeleton (Abyss:2)
  A ghost crab (Lair:2)
  3 two-headed ogres
  4 catoblepae
  A deep troll earth mage (D:13)
  4 tengu warriors
  10 death yaks
  2 thrashing horrors (Abyss:2)
  6 large abominations
  Urug (Lair:3)
  Nergalle (Lair:3)
  A wretched star (Abyss:3)
  A sixfirhy (Abyss:2)
  3 fire crabs (Lair:1)
  A spectral hydra (Lair:2)
  A lindwurm (Lair:3)
  2 wizards
  A deep elf archer (D:12)
  A fenstrider witch simulacrum (Abyss:2)
  3 orc knights
  2 necromancers
  2 deep elf zephyrmancers (Orc:1)
  9 deep elf pyromancers
  5 oklob plants
  An orc sorcerer (Orc:1)
  A stone giant zombie (Abyss:2)
  10 cyclopes
  10 ugly things
  4 manticores
  A guardian serpent (shapeshifter) (D:14)
  A smoke demon (Abyss:2)
  An orange demon (Abyss:2)
  2 black mambas
  10 elephants (Lair:5)
  3 gargoyles
  A titan simulacrum (Abyss:2)
  9 cane toads
  An unseen horror (Abyss:2)
  An efreet (D:12)
  3 rime drakes
  A kobold demonologist (D:13)
  A tengu conjurer (D:14)
  7 komodo dragons
  3 polar bears
  10 trolls
  A hornet (D:8)
  24 blink frogs
  7 dream sheep (Lair:5)
  A spectral black mamba (Lair:2)
  A flying skull (Abyss:2)
  3 shadows
  7 wyverns
  A water elemental (Abyss:2)
  7 wraiths
  A vampire (D:12)
  2 fire bats (Lair:1)
  50 yaks
  3 basilisks
  2 chaos spawn (Abyss:2)
  A steam dragon (D:8)
  12 vampire mosquitoes
  A hell hound (Lair:1)
  4 acid dragons
  4 wargs
  8 water moccasins
  A spectral yak (Lair:2)
  A floating eye (D:9)
  12 orc warriors
  A spectral torpor snail (Lair:2)
  3 sky beasts
  2 black bears (D:5)
  8 ogres
  17 centaurs
  23 wolves
  5 small abominations
  A spectral rime drake (Lair:2)
  7 starcursed masses (Abyss:2)
  A phantom (D:5)
  9 bullfrogs
  2 kobold brigands
  A gnoll sergeant (D:9)
  2 scorpions
  2 necrophages (D:5)
  An earth elemental (Abyss:2)
  A naga simulacrum (Abyss:2)
  11 wights
  8 killer bees (D:8)
  2 howler monkeys
  An electric eel (Orc:1)
  A crimson imp (D:4)
  A gnoll bouda (D:7)
  2 hounds
  7 orc priests
  Jessica (D:3)
  7 hell rats (Lair:4)
  7 iguanas
  13 orc wizards
  13 gnolls
  8 adders
  3 shadow imps
  9 white imps
  3 dart slugs
  61 orcs
  14 ball pythons
  13 endoplasms
  4 giant cockroaches
  19 goblins
  15 hobgoblins
  12 jackals
  25 kobolds
  4 quokkas
  8 bats
  3 frilled lizards
  9 rats
  A lurking horror (Abyss:2)
703 creatures vanquished.

Vanquished Creatures (others)
  A deep elf zephyrmancer (Orc:1)
  An orc (Orc:1)
  4 demonic plants (D:7)
  18 fungi
  3 lurking horrors (Lair:5)
  43 plants
  5 toadstools (D:11)
75 creatures vanquished.

Grand Total: 778 creatures vanquished

Notes
Turn   | Place    | Note
-------+----------+-------------------------------------------
     0 | D:1      | bmack86 the Minotaur Fighter began the quest for the Orb.
     0 | D:1      | Reached XP level 1. HP: 19/19 MP: 0/0
   109 | D:1      | Reached XP level 2. HP: 17/27 MP: 1/1
   121 | D:1      | Reached skill level 3 in Axes
   275 | D:1      | Reached XP level 3. HP: 31/33 MP: 2/2
  1191 | D:2      | Reached XP level 4. HP: 40/40 MP: 3/3
  1245 | D:2      | Found Wyapeoh's Jewellery Emporium.
  1450 | D:2      | Reached skill level 4 in Axes
  1565 | D:2      | Identified the +7 chain mail of the Lizard {Rampage +Blink
                  | rN+ Str+4}
  1867 | D:3      | Noticed a water moccasin
  1873 | D:3      | Killed a water moccasin
  1874 | D:3      | Reached XP level 5. HP: 40/47 MP: 4/4
  1972 | D:3      | Noticed Jessica
  1975 | D:3      | Killed Jessica
  1976 | D:3      | Reached skill level 5 in Axes
  2089 | D:3      | Found a radiant altar of Vehumet.
  2202 | D:3      | Reached XP level 6. HP: 53/55 MP: 5/5
  2209 | D:3      | Found a faded altar of an unknown god.
  2703 | D:4      | Found a staircase to the Ecumenical Temple.
  2713 | Temple   | Entered the Ecumenical Temple
  2838 | Temple   | Became a worshipper of Warmaster Okawaru
  2935 | D:4      | Reached skill level 5 in Shields
  2948 | D:4      | Identified the +1 pair of boots of Xushaqall {rF+}
  3257 | D:4      | Found a shadowy altar of Dithmenos.
  3333 | D:4      | Reached skill level 5 in Fighting
  3333 | D:4      | Reached skill level 5 in Armour
  4103 | D:4      | Found a sparkling altar of Nemelex Xobeh.
  4229 | D:5      | Entered Level 5 of the Dungeon
  4256 | D:5      | Reached skill level 6 in Axes
  4256 | D:5      | Reached skill level 1 in Throwing
  4256 | D:5      | Reached skill level 1 in Invocations
  4256 | D:5      | Reached XP level 7. HP: 54/61 MP: 6/6
  4407 | D:5      | Found a snail-covered altar of Cheibriados.
  4485 | D:5      | Found a shimmering blue altar of Sif Muna.
  4524 | D:5      | Reached * piety under Okawaru
  4750 | D:5      | Reached skill level 7 in Axes
  4750 | D:5      | Reached XP level 8. HP: 70/70 MP: 8/8
  4969 | D:6      | Reached ** piety under Okawaru
  5246 | D:6      | Found a shimmering altar of Xom.
  5760 | D:6      | Found Biasan's Magic Scroll Boutique.
  6184 | D:6      | Identified a scroll of acquirement
  6184 | D:6      | Acquired the +6 crystal plate armour of Yrocwotu {rN++
                  | Will+}
  6262 | D:6      | Bought a scroll of identify for 28 gold pieces
  6262 | D:6      | Bought a scroll of identify for 28 gold pieces
  6262 | D:6      | Bought a scroll of identify for 28 gold pieces
  6346 | D:7      | Reached skill level 8 in Axes
  6832 | D:7      | Reached XP level 9. HP: 52/78 MP: 10/10
  7021 | D:7      | Reached *** piety under Okawaru
  7253 | D:7      | Found Ebretofaru's Overcharged Wands.
  7625 | D:8      | Reached skill level 9 in Axes
  7674 | D:8      | Noticed a cyclops
  7681 | D:8      | Killed a cyclops
  7830 | D:8      | Reached **** piety under Okawaru
  8011 | D:8      | Acquired a manual of Axes
  8181 | D:8      | Reached skill level 10 in Axes
  8181 | D:8      | Reached XP level 10. HP: 62/86 MP: 12/12
  8266 | D:8      | Noticed a purple ugly thing
  8274 | D:8      | Killed a purple ugly thing
  8710 | D:9      | Reached skill level 5 in Invocations
  8720 | D:9      | Reached skill level 11 in Axes
  8720 | D:9      | Reached skill level 5 in Throwing
  8731 | D:9      | Found a flagged portal.
  8755 | Bailey   | Entered a bailey
  9282 | D:9      | Found an ancient bone altar of Kikubaaqudgha.
  9317 | D:9      | Found a stormy altar of Qazlal.
  9546 | D:9      | Noticed an oklob plant
  9553 | D:9      | Killed an oklob plant
  9554 | D:9      | Noticed an oklob plant
  9561 | D:9      | Killed an oklob plant
  9562 | D:9      | Reached skill level 12 in Axes
  9562 | D:9      | Noticed an oklob plant
  9565 | D:9      | Paralysed by a floating eye for 2 turns
  9571 | D:9      | Paralysed by a floating eye for 4 turns
  9588 | D:9      | Killed an oklob plant
  9676 | D:9      | Found a burning altar of Makhleb.
  9678 | D:9      | Found a glowing silver altar of Zin.
  9678 | D:9      | Noticed an angel
  9679 | D:9      | Noticed a green death
  9804 | D:9      | Found a staircase to the Orcish Mines.
  9828 | D:9      | Received a gift from Okawaru
 10013 | D:10     | Entered Level 10 of the Dungeon
 10022 | D:10     | Reached XP level 11. HP: 94/95 MP: 14/14
 10059 | D:10     | Found a bloodstained altar of Trog.
 10060 | D:10     | Noticed an eight-headed hydra
 10069 | D:10     | Reached skill level 13 in Axes
 10074 | D:10     | HP: 1/95 [13-headed hydra (4)]
 10076 | D:10     | Killed a 15-headed hydra
 10594 | D:10     | Received a gift from Okawaru
 10775 | D:10     | Found Emionazi's General Store.
 10822 | D:10     | Reached ***** piety under Okawaru
 10841 | D:10     | Bought 2 scrolls of enchant armour for 255 gold pieces
 11010 | D:10     | Found Bisyru's Weapon Boutique.
 11207 | D:10     | Found Bikuh's Armour Shoppe.
 11282 | D:11     | Noticed an oklob plant
 11296 | D:11     | Killed an oklob plant
 11297 | D:11     | Reached skill level 14 in Axes
 11298 | D:11     | Found a staircase to the Lair.
 11298 | D:11     | Noticed an oklob plant
 11316 | D:11     | Killed an oklob plant
 11484 | D:11     | Noticed a boulder beetle
 11498 | D:11     | Killed a boulder beetle
 12010 | D:11     | Noticed a boulder beetle
 12024 | D:11     | Killed a boulder beetle
 12024 | D:11     | Received a gift from Okawaru
 12221 | D:11     | Noticed a deep elf pyromancer
 12230 | D:11     | Killed a deep elf pyromancer
 12231 | D:11     | Reached skill level 15 in Axes
 12691 | Lair:1   | Entered Level 1 of the Lair of Beasts
 13220 | Lair:1   | Found a transporter.
 13260 | Lair:1   | Reached XP level 12. HP: 102/106 MP: 16/16
 13292 | Lair:1   | Found a transporter.
 13467 | Lair:1   | Reached skill level 10 in Fighting
 13467 | Lair:1   | Reached skill level 10 in Armour
 13470 | Lair:1   | Reached skill level 10 in Shields
 13475 | Lair:1   | Received a gift from Okawaru
 13476 | Lair:1   | Reached skill level 16 in Axes
 13853 | Lair:2   | Noticed a six-headed hydra
 13863 | Lair:2   | Killed a ten-headed hydra
 13996 | Lair:2   | Noticed Harold
 14015 | Lair:2   | Killed Harold
 14419 | Lair:2   | Found a snail-covered altar of Cheibriados.
 14547 | Lair:2   | Received a gift from Okawaru
 14559 | Lair:2   | Reached skill level 17 in Axes
 14620 | Lair:2   | Reached ****** piety under Okawaru
 14633 | Lair:2   | Found a staircase to the Swamp.
 14633 | Lair:2   | Noticed a ghost crab
 14635 | Lair:2   | Identified the +7 crystal plate armour "Nolitosu" {Str+5}
                  | (Okawaru gifted it to you on level 2 of the Lair of Beasts)
 14635 | Lair:2   | Received a gift from Okawaru
 14647 | Lair:2   | Killed a ghost crab
 14979 | Lair:3   | Noticed Urug
 14989 | Lair:3   | Killed Urug
 15017 | Lair:3   | Noticed Josephine
 15028 | Lair:3   | Killed Josephine
 15100 | Lair:3   | Reached XP level 13. HP: 113/116 MP: 18/18
 15123 | Lair:3   | Identified the +6 arbalest "Ysu Ivec" {drain, rElec Will+
                  | Str-2}
 15128 | Lair:3   | Noticed Nergalle
 15137 | Lair:3   | Killed Nergalle
 15195 | Lair:3   | Found a staircase to the Snake Pit.
 15244 | Lair:3   | Reached skill level 18 in Axes
 16292 | Lair:4   | Received a gift from Okawaru
 16529 | Lair:4   | Identified the +7 chain mail "Wiachiq" {Int+6} (Okawaru
                  | gifted it to you on level 4 of the Lair of Beasts)
 16529 | Lair:4   | Received a gift from Okawaru
 16877 | Lair:5   | Entered Level 5 of the Lair of Beasts
 17372 | Lair:5   | Found a corrupted altar of Lugonu.
 17384 | Lair:5   | Found a one-way gate to the infinite horrors of the Abyss.
 17417 | Lair:5   | Received a gift from Okawaru
 17485 | Lair:5   | Reached XP level 14. HP: 107/127 MP: 20/20
 17554 | Lair:5   | Identified the +1 robe "Jonwelae" {rPois}
 17588 | Lair:5   | Identified the +1 ring mail of a Gauntlet {rC+} (Okawaru
                  | gifted it to you on level 5 of the Lair of Beasts)
 17588 | Lair:5   | Received a gift from Okawaru
 17589 | Lair:5   | Found a viscous altar of Jiyva.
 18153 | Lair:5   | Found a staircase to the Slime Pits.
 18580 | Lair:5   | Reached skill level 10 in Invocations
 18825 | Lair:5   | Reached skill level 10 in Throwing
 18836 | Lair:5   | Identified the +3 ring mail "Hugo" {Rampage Slay-3 SInv}
                  | (Okawaru gifted it to you on level 5 of the Lair of Beasts)
 18836 | Lair:5   | Received a gift from Okawaru
 19112 | Lair:5   | Identified the +6 rapier "Zinehil" {freeze, +Blink rC+
                  | Int+2}
 19591 | D:12     | Found a runed translucent door.
 19595 | D:12     | Noticed OTABOTABOTAB's ghost (journeyman GnTm)
 19622 | D:12     | Killed OTABOTABOTAB's ghost
 19897 | D:12     | Found a large runed translucent door.
 19898 | D:12     | Found a large runed translucent door.
 19908 | D:12     | Found a large runed translucent door.
 19908 | D:12     | Found a large runed translucent door.
 21446 | D:14     | Found a flickering gateway to a bazaar.
 21463 | Bazaar   | Entered a bazaar
 21463 | Bazaar   | Found Ipteih's General Store.
 21463 | Bazaar   | Found Gess's Distillery.
 21463 | Bazaar   | Found Birchap's Weapon Shoppe.
 21463 | Bazaar   | Found Hestrulea's Book Emporium.
 21463 | Bazaar   | Found Eblaoc's Book Shoppe.
 21494 | Bazaar   | Bought a manual of Shields for 880 gold pieces
 21572 | D:14     | Reached XP level 15. HP: 125/136 MP: 21/21
 21621 | D:14     | Noticed Louise
 21631 | D:14     | Killed Louise
 21678 | D:14     | Found Vemotzemn's Distillery.
 21705 | D:14     | Bought a potion of magic for 88 gold pieces
 21780 | D:14     | Identified the +3 scale mail of Amorality {rElec Will+
                  | Int+5} (Okawaru gifted it to you on level 14 of the
                  | Dungeon)
 21780 | D:14     | Received a gift from Okawaru
 22084 | D:14     | Found a gate to the Vaults.
 22149 | D:15     | Entered Level 15 of the Dungeon
 22264 | D:15     | Reached skill level 15 in Shields
 22265 | D:15     | Found a staircase to the Depths.
 22265 | D:15     | Noticed a frost giant
 22272 | D:15     | Killed a frost giant
 22340 | D:15     | Identified the +1 robe of the Ladybird {rC++}
 22402 | D:15     | Reached skill level 19 in Axes
 23132 | Orc:1    | Entered Level 1 of the Orcish Mines
 23215 | Orc:1    | Identified the ring "Jiygaorchubu" {rPois rN+}
 23654 | Abyss:2  | Cast into level 2 of the Abyss (orc warrior)
 23667 | Abyss:2  | Noticed a profane servitor
 23692 | Abyss:2  | Killed a profane servitor
 23773 | Abyss:2  | Received a gift from Okawaru
 23900 | Abyss:2  | Received a gift from Okawaru
 24075 | Abyss:3  | Found a corrupted altar of Lugonu.
 24083 | Abyss:3  | Found a corrupted altar of Lugonu.
 24136 | Abyss:3  | Found a corrupted altar of Lugonu.
 24181 | Abyss:3  | Found a corrupted altar of Lugonu.
 24186 | Abyss:3  | Noticed an Executioner
 24193 | Abyss:3  | Killed an Executioner
 24193 | Abyss:3  | Received a gift from Okawaru
 24202 | Abyss:3  | Reached XP level 16. HP: 94/147 MP: 21/23
 24229 | Abyss:3  | Killed from afar by a wind drake

Illustrated notes

Levels and vault maps discovered:
D:1:      minmay_arrival_glassed_features, layout_basic
D:2:      minmay_spotlight, layout_rooms, serial_shops,
          nicolae_shop_hallway_stairs
D:3:      minmay_inner_zag, layout_loops_ring, mainiacjoe_overflow_tiny_flanked,
          shapermc_ecumenical_altar_gd, st_stairs_5, uniq_jessica
D:4:      layout_layer_cave, nicolae_dithmenos_the_darkroom,
          nemelex_xobeh_ov_fountains_minmay, minmay_temple_entry_mist,
          minmay_fire_ice_demons
D:5:      layout_cave_pools, lemuel_crystal_altar, cheibriados_altar_1
D:6:      layout_layer_cave, mainiacjoe_overflow_six_doors_small, serial_shops,
          shop
D:7:      layout_basic, serial_demonic, serial_demonic_c, serial_demonic_c,
          serial_demonic_c, serial_demonic_g, nicolae_shop_overcharged_wands
D:8:      layout_basic, reono_crystal_passage
D:9:      layout_irregular_city, grunt_temple_overflow_order_and_chaos_2,
          grunt_qazlal_clouds, lemuel_crystal_altar, david_orc_1_choice,
          enter_bailey_3, disabler_island
D:10:     layout_small_grid, trog_ov_bears_minmay, serial_shops, shop_fountains,
          shop, nicolae_shop_behind_doors, small_statue_intersection,
          hangedman_abyss_or_decor_stabs
D:11:     layout_basic, dpeg_oklobed_lair, minmay_gold_behind_fungi,
          bh_walls_and_bars
D:12:     layout_roguey, gammafunk_ghost_grave, minmay_hollow_rounded_squares
D:13:     layout_loops_ring, wad_dig_loot
D:14:     layout_rooms, david_vaults_1, serial_shops, bzr_entry_islet,
          nicolae_stop_n_shop_1, uniq_louise, uniq_lodul
D:15:     grunt_enter_depths_snipers, layout_irregular_city,
          chequers_mini_garden
Temple:   bh_familiar_temple
Lair:1:   gammafunk_cloud_chamber, layout_small_grid
Lair:2:   layout_gridlike, nicolae_swamp_entry_spooky, lemuel_centaur_altar,
          uniq_harold
Lair:3:   layout_roguey, dummy_snake_entry, guppyfry_lair_drakes,
          serial_bayou_shore_b, uniq_josephine, uniq_nergalle, uniq_urug
Lair:4:   layout_long_grid
Lair:5:   evilmike_catoblepas_cave, layout_layer_cave, slime_entry_1,
          chequers_serial_rivers_room_a, amcnicky_altar_lugonu_corruption
Orc:1:    orc_temple, layout_diamond_mine, elves_outpost_lemuel
Abyss:3:  base: Lair:2, evilmike_abyss_exit_glass,
          hangedman_abyss_rune_macabre_mess

Skill      XL: |  1  2  3  4  5  6  7  8  9 10 11 12 13 14 15 |
---------------+----------------------------------------------+-----
Axes           | 3 4 5 6 7 8 10 12 15 17 18 19 | 19.3
Shields        | 4 5 6 7 8 9 10 12 14 17 | 17.2
Fighting       | 4 5 6 7 8 9 11 12 13 14 | 14.3
Armour         | 4 5 6 7 8 9 10 12 13 14 | 14.3
Throwing       | 1 2 3 4 5 6 8 9 10 11 | 11.4
Invocations    | 1 2 3 4 5 7 8 9 10 11 | 11.4

Action                   |  1- 3 |  4- 6 |  7- 9 | 10-12 | 13-15 | 16-18 || total
-------------------------+-------+-------+-------+-------+-------+-------++-------
Melee: War axe           |    86 |   155 |   278 |    87 |       |       ||   606
       Headbutt          |     6 |    18 |    40 |    76 |   177 |     1 ||   318
       Battleaxe         |       |       |       |   151 |       |       ||   151
       Broad axe         |       |       |       |   137 |   759 |    12 ||   908
Throw: Boomerang         |       |       |       |    56 |     1 |       ||    57
Invok: Heroism           |       |       |     2 |     8 |     5 |       ||    15
       Finesse           |       |       |       |     4 |     4 |     1 ||     9
Evoke: Wand              |       |       |       |     5 |       |       ||     5
  Use: Scroll            |     4 |    11 |    12 |     7 |     2 |       ||    36
       Potion            |       |       |       |       |     1 |       ||     1
 Stab: Paralysed         |       |       |     1 |       |       |       ||     1
       Petrified         |       |       |       |       |     3 |       ||     3
Armor: Plate armour      |    75 |    22 |       |       |       |       ||    97
       Scale mail        |     1 |       |       |       |       |       ||     1
       Chain mail        |       |    72 |    65 |       |       |       ||   137
       Crystal plate arm |       |       |   186 |   555 |   630 |     9 ||  1380
Dodge: Dodged            |    36 |    65 |    89 |   120 |   168 |       ||   478
Block: Buckler           |    34 |    26 |    84 |   101 |   182 |       ||   427
       Tower shield      |       |       |       |       |   243 |    18 ||   261

Table legend: (Time is in decaauts)
 A = Elapsed time spent in this place.
 B = Non-inter-level travel time spent in this place.
 C = Inter-level travel time spent in this place.
 D = Time resting spent in this place.
 E = Time spent auto-exploring this place.
 F = Levels seen in this place.
 G = Mean time per level.
                   A        B        C        D        E       F      G
               +--------+--------+--------+--------+--------+-----+--------+
         Total |  24100 |  23149 |    951 |   1650 |  15003 |  26 |  926.9 |
       Dungeon |  15539 |  14918 |    621 |   1018 |   9848 |  15 | 1035.9 |
        Temple |    208 |    208 |      0 |      0 |    180 |   1 |  208.0 |
          Lair |   6762 |   6456 |    306 |    600 |   4452 |   5 | 1352.4 |
  Orcish Mines |    504 |    481 |     23 |      0 |    291 |   1 |  504.0 |
         Abyss |    550 |    550 |      0 |     32 |     88 |   2 |  275.0 |
        Bazaar |     51 |     51 |      0 |      0 |      0 |   1 |   51.0 |
        Bailey |    483 |    483 |      0 |      0 |    144 |   1 |  483.0 |
               +--------+--------+--------+--------+--------+-----+--------+

Top non-repeatable levels by time:
  Lair:5: 2276 daAuts
    D:11: 1482 daAuts
     D:6: 1473 daAuts
     D:4: 1364 daAuts
     D:7: 1293 daAuts
    D:10: 1264 daAuts
  Lair:1: 1200 daAuts
     D:1: 1138 daAuts
  Lair:2: 1133 daAuts
  Lair:4: 1132 daAuts
    D:12: 1052 daAuts
     D:3: 1035 daAuts
     D:9: 1034 daAuts
  Lair:3: 1019 daAuts
     D:8: 970 daAuts
